 Dungeon Crawl Stone Soup version 0.30-a0-46-g5a63ccc183 (webtiles) character file.

Game seed: 7930314600171363799

47 ytrimaz the Insei (level 3, 0/34 HPs)
             Began as an Octopode Transmuter on Sept 1, 2022.
             Slain by a ball python (1 damage)
             ... on level 2 of the Dungeon.
             The game lasted 00:02:12 (1522 turns).

ytrimaz the Insei (Octopode Transmuter)             Turns: 1522, Time: 00:02:13

Health: 0/34       AC: 21    Str:  9    XL:     3   Next: 70%
Magic:  15/15      EV: -1    Int: 17    God:
Gold:   91         SH:  0    Dex: 12    Spells: 0/6 levels left

rFire   . . .      SeeInvis .      - Unarmed
rCold   . . .      Faith    .    (no shield)
rNeg    . . .      Spirit   .    (helmet currently unavailable)
rPois   +          Reflect  .    (no amulet)
rElec   .          Harm     .    b - ring of magical power
rCorr   .          Rampage  .    (no ring)
Will    .....      NoTele   +    (no ring)
Stlth   +.........               (no ring)
HPRegen 0.11/turn                (no ring)
MPRegen 0.14/turn                (no ring)
                                 (no ring)
                                 (no ring)

@: tree-form, constricted
A: stationary, stasis, torment immunity, boosted hp, almost no armour,
(amphibious), 8 rings, (camouflage 1), (gelatinous body 1), (nimble swimmer 1),
(tentacles)
a: no special abilities


You were on level 2 of the Dungeon.
You were a tree.
You visited 1 branch of the dungeon, and saw 2 of its levels.

You collected 91 gold pieces.


Innate Abilities, Weirdness & Mutations

You are a tree.
Your roots penetrate the ground, keeping you stationary.
You cannot be teleported.
You are immune to unholy pain and torment.
Your maximum health is greatly increased.
You cannot wear most types of armour.
((You are amphibious.))
You can wear up to eight rings at the same time.
((Your skin changes colour to match your surroundings (Stealth+).))
((Your rubbery body absorbs attacks. (AC +1, EV +1)))
((You are camouflaged when in or above water. (Stealth+)))
((You have tentacles for arms and can constrict up to eight enemies at once.))


   Skills:
 - Level 1.0 Fighting
 - Level 2.0 Dodging
 - Level 4.1 Unarmed Combat
 + Level 2.1 Spellcasting
 + Level 2.1 Transmutations
 * Level 1.2 Poison Magic


You couldn't memorise any spells.
You knew the following spells:

 Your Spells              Type           Power      Damage    Failure   Level
a - Beastly Appendage     Tmut           18%        N/A       8%          1
b - Wereblood             Tmut           9%         N/A       12%         2
c - Spider Form           Tmut/Pois      7%         N/A       28%         3

Your spell library contained the following spells:

 Spells                   Type           Power      Damage    Failure   Level
 Ice Form                 Ice/Tmut       5%         N/A       77%         4

Inventory:

Missiles
 c - 3 stones {throwing}
 d - 5 poisoned darts {throwing}
Jewellery
 b - a ring of magical power (left branch)
   (You found it on level 1 of the Dungeon)
Scrolls
 h - a scroll of butterflies
Potions
 e - a potion of attraction {unknown}
 g - a potion of might {unknown}

Dungeon Overview and Level Annotations

Branches:
Dungeon (2/15) Zot: 10483

Altars:

.. )# # .. ..###
.# ##. .###...##.#
##..# #..# ......#
....###.!. ......
#...#... #..#.#
#..... #.##<#
##.gā€ ## ###.##.#
#...ā™£$###......#
#...#S..#...)####
#.... ##....####
##.. ##..## ##
#..## #.## #.# #..
#..#


You could see a goblin and a ball python.


Message History

You turn into a tree.
Your roots penetrate the ground.
The ball python bites you but does no damage.
The ball python constricts you. The goblin hits you with a +0 dagger.
* * * LOW HITPOINT WARNING * * *
The adder bites you but does no damage. šŸ˜Ø HP[+3] MP[+1]
You now have 34 max hp (+11).
You regained 3 hp, and now have 11/34 hp.
Your mp is fully restored (15).
Unknown command.
You barely miss the adder.
The adder hisses angrily.
The ball python bites you but does no damage.
The ball python constricts you. The adder bites you but does no damage.
The goblin hits you but does no damage.
You hit the adder. The adder bites you but does no damage.
The ball python bites you but does no damage.
The ball python constricts you. The goblin hits you with a +0 dagger.
* * * LOW HITPOINT WARNING * * *
šŸ˜Ø HP[-1]
You take 1 damage, and now have 10/34 hp.
Unknown command.
You barely miss the adder. The adder bites you but does no damage.
The ball python bites you but does no damage.
The ball python constricts you. The goblin hits you but does no damage.
The adder bites you but does no damage.
You smack the adder!
You kill the adder!
The ball python bites you but does no damage.
The ball python constricts you. The adder bites you but does no damage.
The goblin hits you but does no damage.
The ball python bites you but does no damage.
The ball python constricts you.
Your Poison Magic skill increases to level 1!
You cannot move.
Unknown command.
You hit the adder but do no damage. The adder bites you.
* * * LOW HITPOINT WARNING * * *
The goblin hits you but does no damage.
The ball python bites you but does no damage.
The ball python constricts you. šŸ˜Ø HP[-1]
You take 1 damage, and now have 9/34 hp.
Unknown command.
You closely miss the adder. The adder bites you but does no damage.
The ball python bites you.
* * * LOW HITPOINT WARNING * * *
The ball python constricts you.
The goblin hits you but does no damage. šŸ˜± HP[-1]
You take 1 damage, and now have 8/34 hp.
You hit the adder. The adder bites you but does no damage.
The ball python bites you but does no damage.
The ball python constricts you.
* * * LOW HITPOINT WARNING * * *
The goblin hits you but does no damage. The adder bites you but does no damage.
You smack the adder!
The ball python bites you.
* * * LOW HITPOINT WARNING * * *
The ball python constricts you. The adder bites you but does no damage.
The goblin hits you but does no damage. šŸ˜± HP[-1]
You take 1 damage, and now have 7/34 hp.
Unknown command.
You barely miss the adder.
The ball python bites you but does no damage.
The ball python constricts you. The adder bites you but does no damage.
You closely miss the adder. The goblin hits you but does no damage.
The adder bites you but does no damage. The ball python bites you.
* * * LOW HITPOINT WARNING * * *
The ball python constricts you. šŸ˜± HP[-1]
You take 1 damage, and now have 6/34 hp.
You barely miss the adder. The goblin hits you but does no damage.
The adder bites you but does no damage. The ball python completely misses you.
The ball python constricts you.
* * * LOW HITPOINT WARNING * * *
šŸ˜± HP[-1]
You take 1 damage, and now have 5/34 hp.
Unknown command.
You barely miss the adder. The adder bites you but does no damage.
The ball python bites you.
* * * LOW HITPOINT WARNING * * *
The ball python constricts you. The goblin hits you but does no damage.
The adder bites you but does no damage. šŸ˜± HP[-2]
You take 2 damage, and now have 3/34 hp.
You closely miss the adder.
The ball python bites you but does no damage.
The ball python constricts you.
* * * LOW HITPOINT WARNING * * *
The goblin hits you but does no damage.
The adder bites you but does no damage. šŸ˜± HP[-1]
You take 1 damage, and now have 2/34 hp.
Unknown command.
You hit the adder.
You kill the adder!
The ball python bites you.
* * * LOW HITPOINT WARNING * * *
The ball python constricts you. The goblin hits you but does no damage.
The ball python bites you.
You die...

Skill      XL: |  1  2  3 |
---------------+----------+-----
Unarmed Combat | 4 |  4.1
Poison Magic   | 1 |  1.2
Fighting       | |  1.0
Dodging        | |  2.0
Spellcasting   | |  2.1
Transmutations | |  2.1

Action                   || total
-------------------------++-------
Melee: Unarmed           ||    77
       Tentacles         ||    12
       Constrict         ||    17
       Kick              ||    11
       Punch             ||     1
 Cast: Beastly Appendage ||    14
  Use: Scroll            ||     3
       Potion            ||     1
 Stab: Sleeping          ||     4
Armor: Skin              ||    44
Dodge: Dodged            ||    41

Levels and vault maps discovered:
D:1:      dreamdust_arrival_sigmund_warning, layout_basic
D:2:      layout_loops_cross, nicolae_ecumenical_snake_handling, basic_altar,
          chequers_avenue, minivault_25, grunt_decor_one_mirror

Notes
Turn   | Place    | Note
-------+----------+-------------------------------------------
     0 | D:1      | ytrimaz the Octopode Transmuter began the quest for the
                  | Orb.
     0 | D:1      | Reached XP level 1. HP: 13/13 MP: 3/3
     0 | D:1      | magus.rc [v1.9.6]
   305 | D:1      | Reached XP level 2. HP: 18/18 MP: 5/5
   336 | D:1      | HP: 4/18 [dart slug/slug dart (2)]
   773 | D:1      | Reached skill level 4 in Unarmed Combat
   847 | D:1      | Reached XP level 3. HP: 23/23 MP: 6/6
   862 | D:1      | Learned a level 2 spell: Wereblood
   866 | D:1      | Learned a level 3 spell: Spider Form
  1498 | D:2      | Found a faded altar of an unknown god.
  1513 | D:2      | Reached skill level 1 in Poison Magic
  1514 | D:2      | HP: 8/34 [ball python (1)]
  1519 | D:2      | HP: 5/34 [constriction (1)]
  1521 | D:2      | HP: 2/34 [constriction (1)]
  1522 | D:2      | Slain by a ball python

Vanquished Creatures
  2 adders (D:2)
  A dart slug (D:1)
  An endoplasm (D:1)
  2 giant cockroaches (D:1)
  A goblin (D:1)
  6 hobgoblins (D:1)
  2 jackals (D:1)
  2 quokkas (D:1)
  11 ball pythons
  2 bats (D:1)
  A frilled lizard (D:1)
  A kobold (D:1)
  2 rats (D:1)
34 creatures vanquished.

Table legend:
 A = Non-vault XP
 B = Vault XP
 C = Vault XP percentage of total XP
 D = Non-vault monster count
 E = Vault monster count
 F = Vault count percentage of total count
                 A         B        C        D         E       F
            +---------+---------+-------+---------+---------+-------
      Total |      64 |      17 |  21.0 |      31 |       3 |   8.8
            +---------+---------+-------+---------+---------+-------
        D:1 |      51 |       0 |   0.0 |      30 |       0 |   0.0
        D:2 |      13 |      17 |  56.7 |       1 |       3 |  75.0
            +---------+---------+-------+---------+---------+-------

Illustrated notes

Table legend:
 A = Kills in this place as a percentage of kills in entire the game.
 B = Kills by you in this place as a percentage of kills by you in the entire game.
 C = Kills by friends in this place as a percentage of kills by friends in the entire game.
 D = Other kills in this place as a percentage of other kills in the entire game.
 E = Experience gained in this place as a percentage of experience gained in the entire game.
 F = Experience gained in this place divided by the number of levels of this place that you have seen.
                   A       B       C       D       E      F
               +-------+-------+-------+-------+-------+----------------------
         Total | 100.0 | 100.0 |   N/A |   N/A | 100.0 |  40.5
       Dungeon | 100.0 | 100.0 |   N/A |   N/A | 100.0 |  40.5
               +-------+-------+-------+-------+-------+----------------------

Table legend: (Time is in decaauts)
 A = Elapsed time spent in this place.
 B = Non-inter-level travel time spent in this place.
 C = Inter-level travel time spent in this place.
 D = Time resting spent in this place.
 E = Time spent auto-exploring this place.
 F = Levels seen in this place.
 G = Mean time per level.
                   A        B        C        D        E       F      G
               +--------+--------+--------+--------+--------+-----+--------+
         Total |   1515 |   1493 |     22 |    228 |   1028 |   2 |  757.5 |
       Dungeon |   1515 |   1493 |     22 |    228 |   1028 |   2 |  757.5 |
               +--------+--------+--------+--------+--------+-----+--------+

Top non-repeatable levels by time:
     D:1: 1445 daAuts
     D:2: 70 daAuts
